 Dungeon Crawl Stone Soup version 0.31-a0-430-gf8416d7 (webtiles) character file.

Game seed: 2815322904032357777

133 Dorkslayer the Sneak (level 5, -3/33 HPs)
             Began as an Octopode Shapeshifter on July 30, 2023.
             Slain by an orc
             ... wielding a +0 dagger of distortion
              (11 damage)
             ... on level 3 of the Dungeon.
             The game lasted 00:04:46 (1739 turns).

Dorkslayer the Sneak (Octopode Shapeshifter)        Turns: 1739, Time: 00:04:47

Health: -3/33      AC:  1    Str: 14    XL:     5   Next: 16%
Magic:  5/5        EV: 13    Int: 11    God:
Gold:   120        SH:  0    Dex: 14    Spells: 4/4 levels left

rFire   . .          .
                       - Unarmed
rCold   . . .        (no shield)
rNeg    . . .        (helmet currently unavailable)
rPois   .            (no amulet)
rElec   .            (no ring)
rCorr   .            (no ring)
SInv    .            (no ring)
Will    .....        (no ring)
Stlth   ++++         (no ring)
HPRegen 0.25/turn    (no ring)
MPRegen 0.09/turn    (no ring)
                     (no ring)

%: no passive effects
@: beast-form
A: beast (slay +2), almost no armour, amphibious, 8 rings, camouflage 1,
gelatinous body 1, (nimble swimmer 1), tentacles
a: Begin Untransformation


You were on level 3 of the Dungeon.
You were a hulking beast.
You visited 1 branch of the dungeon, and saw 3 of its levels.

You collected 120 gold pieces.

Inventory:

Talismans
 b - a beast talisman (active)
Wands
 l - a wand of digging (3)
Scrolls
 c - a scroll of noise {unknown}
 e - 2 scrolls of teleportation
 g - 3 scrolls of enchant weapon {unknown}
 i - a scroll of vulnerability {unknown}
 j - 2 scrolls of identify {unknown}
 m - a scroll of poison {unknown}
Potions
 a - a potion of lignification
 d - 3 potions of curing {unknown}
 f - a potion of enlightenment {unknown}
 h - a potion of might {unknown}
 k - a potion of heal wounds {unknown}


   Skills:
 + Level 1.0 Fighting
 + Level 2.1 Dodging
 + Level 4.0 Stealth
 + Level 3.8 Unarmed Combat
 + Level 3.7 Shapeshifting


You had 4 spell levels left.
You didn't know any spells.
Your spell library was empty.

Dungeon Overview and Level Annotations

Branches:
Dungeon (3/15)

Altars:


Innate Abilities, Weirdness & Mutations

You are a hulking beast.
Your limbs bulge with bestial killing power. (Slay +2)
You cannot wear most types of armour.
You are amphibious.
You can wear up to eight rings at the same time.
Your skin changes colour to match your surroundings (Stealth+).
Your rubbery body absorbs attacks. (AC +1, EV +1)
((You are camouflaged when in or above water. (Stealth+)))
You have tentacles for arms and can constrict up to eight enemies at once.


Message History

Found a scroll labelled RAXI HUR SENAM.
m - a scroll labelled RAXI HUR SENAM You tentacle-slap the plant but do no damage.
You grab the plant. You constrict the plant.
The plant begins to die.
You release your grip on the plant.
A kobold comes into view. It is wielding a +2 whip of venom.
A nearby plant withers and dies.
The kobold throws a stone.
The stone hits you.
There is a fountain of clear blue water here.
An orc comes into view.
It is wielding a +0 dagger of distortion.
There is a fountain of clear blue water here.
You closely miss the kobold. You grab the kobold. You squeeze the kobold.
You kill the kobold!
Things that are here:
a +2 whip of venom; 5 stones; a kobold corpse An endoplasm and a frilled lizard come into view.
Found a stone staircase leading down.
The frilled lizard hisses angrily.
The orc shouts!
The endoplasm quivers.
The orc hits you with a +0 dagger of distortion.
Space warps around you.
You barely miss the orc. You grab the orc.
You tentacle-slap the orc, but do no damage.
You constrict the orc. The frilled lizard closely misses you.
The orc hits you with a +0 dagger of distortion.
Space warps horribly around you!
You closely miss the frilled lizard. You grab the frilled lizard.
You squeeze the frilled lizard.
You kill the frilled lizard!
You constrict the orc. The orc misses you.
You tentacle-slap the orc but do no damage.
The orc is heavily wounded.
You constrict the orc. The endoplasm misses you. The orc closely misses you.
You bludgeon the endoplasm!
You kill the endoplasm!
You constrict the orc.
The orc hits you with a +0 dagger of distortion.
* * * LOW HITPOINT WARNING * * *
Space warps horribly around you!
You die...

#####.## #..#
##..######..#
#P#..P~~P.PP#
######.#....PP..P#
......P.#..≈....P#
###.....#..⌠⌠).P.######
#...#..#..P⌠.........#
#.#....#~...P........#
#.#....P#.#..#oh..####
#.#.#...#_#..#.......#
#.#.#PP.######..###..#
#.#.#....# ...# ##
.........# ....# ...
##.... #...> #....


You could see an orc.

Vanquished Creatures
  Jessica (D:2)
  4 adders (D:2)
  3 ball pythons
  10 endoplasms
  6 goblins
  5 hobgoblins
  11 jackals
  5 quokkas
  5 bats
  2 frilled lizards
  8 kobolds
  3 rats
63 creatures vanquished.

Notes
Turn   | Place    | Note
-------+----------+-------------------------------------------
     0 | D:1      | Dorkslayer the Octopode Shapeshifter began the quest for
                  | the Orb.
     0 | D:1      | Reached XP level 1. HP: 13/13 MP: 1/1
   122 | D:1      | Reached XP level 2. HP: 10/18 MP: 2/2
   494 | D:1      | Reached XP level 3. HP: 10/23 MP: 3/3
   977 | D:1      | Reached skill level 1 in Stealth
  1221 | D:2      | Reached XP level 4. HP: 28/28 MP: 4/4
  1234 | D:2      | Reached skill level 2 in Stealth
  1235 | D:2      | Identified the +10 dagger of the Wilderness {freeze, *Rage
                  | Int+3}
  1457 | D:2      | Reached skill level 3 in Stealth
  1571 | D:2      | Noticed Jessica
  1579 | D:2      | Killed Jessica
  1580 | D:2      | Reached skill level 4 in Stealth
  1580 | D:2      | Reached XP level 5. HP: 27/33 MP: 5/5
  1708 | D:3      | Found a faded altar of an unknown god.
  1739 | D:3      | Slain by an orc

Illustrated notes

Levels and vault maps discovered:
D:1:      zelgadis_glass_arrival_small, layout_basic
D:2:      kennysheep_six_static_rooms, layout_rooms, uniq_jessica
D:3:      wad_lake_hut, layout_rooms, ebering_ghost_rock_garden,
          shapermc_ecumenical_altar_mp_ritualfount

Skill      XL: |  1  2  3  4 |
---------------+-------------+-----
Stealth        | 1 4 |  4.0
Fighting       | |  1.0
Dodging        | |  2.1
Unarmed Combat | |  3.8
Shapeshifting  | |  3.7

Action                     |  1- 3 |  4- 6 || total
---------------------------+-------+-------++-------
  Melee: Unarmed           |    71 |    44 ||   115
         Constrict         |    19 |    13 ||    32
         Tentacles         |     8 |     7 ||    15
         Punch             |       |     1 ||     1
    Use: Scroll            |     2 |       ||     2
   Stab: Sleeping          |    15 |     5 ||    20
 Armour: Skin              |     3 |     4 ||     7
  Dodge: Dodged            |    47 |    33 ||    80

Table legend: (Time is in decaauts)
 A = Elapsed time spent in this place.
 B = Non-inter-level travel time spent in this place.
 C = Inter-level travel time spent in this place.
 D = Time resting spent in this place.
 E = Time spent auto-exploring this place.
 F = Levels seen in this place.
 G = Mean time per level.
                   A        B        C        D        E       F      G
               +--------+--------+--------+--------+--------+-----+--------+
         Total |   1731 |   1731 |      0 |      0 |   1054 |   3 |  577.0 |
       Dungeon |   1731 |   1731 |      0 |      0 |   1054 |   3 |  577.0 |
               +--------+--------+--------+--------+--------+-----+--------+

Top non-repeatable levels by time:
     D:1: 1072 daAuts
     D:2: 583 daAuts
     D:3: 74 daAuts
